 Dungeon Sprint DCSS version 0.27-a0-1245-g940ed4fa31 (webtiles) character file.

Game seed: 6752516527740636741

28 mhtbhm the Scratcher (level 3, -3/15 HPs)
             Began as a Felid Transmuter on June 9, 2021.
             Slain by a boulder beetle (18 damage)
             ... in the Dungeon (Sprint IX: "|||||||||||||||||||||||||||||").
             The game lasted 00:00:27 (482 turns).

mhtbhm the Scratcher (Felid Transmuter)              Turns: 482, Time: 00:00:27

Health: -3/15      AC:  1    Str:  7    XL:     3   Next: 0%
Magic:  9/9        EV: 19    Int: 14    God:
Gold:   20         SH:  0    Dex: 16    Spells: 8/9 levels left
                                        Lives:  0   Deaths: 1

rFire    . . .     SeeInvis +     - Unarmed
rCold    . . .     Faith    .   (shield unavailable)
rNeg     . . .     Spirit   .   (armour unavailable)
rPois    .         Reflect  .   (helmet unavailable)
rElec    .         Harm     .   (cloak unavailable)
rCorr    .         Rampage  .   (gloves unavailable)
Will     .....     NoTele   +   (boots unavailable)
Stlth    +.........             (no amulet)
HPRegen  0.05/turn              (no ring)
MPRegen  0.11/turn              (no ring)

@: quick
A: very small, claws 1, fangs 3, see invisible, speed 1, shaggy fur 1, stealthy
paws, no weapons or thrown items, no armour, multi-lived
a: no special abilities


You were in the Dungeon.
You visited 1 branch You collected 20 gold pieces.

Inventory:

Scrolls
 g - 2 scrolls of blinking
 h - 2 scrolls of identify
Potions
 a - a potion of brilliance
 b - 2 potions of curing
 c - a potion of heal wounds
 d - 3 potions of haste
 e - 2 potions of magic
 f - a potion of might


   Skills:
 + Level 1.2 Fighting
 + Level 4.7 Dodging
 + Level 6.4 Unarmed Combat
 + Level 3.6 Spellcasting
 + Level 3.6 Transmutations


You had 8 spell levels left.
You knew the following spells:

 Your Spells              Type           Power      Damage    Failure   Level
a - Beastly Appendage     Tmut           24%        N/A       4%          1

Your spell library contained the following spells:

 Spells                   Type           Power      Damage    Failure   Level
 Wereblood                Tmut           12%        N/A       7%          2
 Spider Form              Tmut/Pois      3%         N/A       28%         3
 Ice Form                 Ice/Tmut       7%         N/A       67%         4


Dungeon Overview and Level Annotations

Branches:
Dungeon (1/1)

Altars:


Innate Abilities, Weirdness & Mutations

You have sharp claws.
You have razor-sharp teeth.
You have supernaturally acute eyesight. (SInv)
You cover ground quickly. (Speed+)
You are covered in fur. (AC +1)
Your paws help you pounce on unaware monsters.
You are incapable of wielding weapons or throwing items.
You cannot wear armour.
You gain extra lives every three experience levels.


Message History

You rejoin the land of the living...
Unknown command.
You start waiting.
Done waiting.
You open the door.
Found five items.
Found a +2 hand axe of draining.
There is an open door here.
Found 12 gold pieces.
b - 2 potions of curing (gained 1)
Found a scroll of blinking.
d - 2 potions of haste (gained 1)
Found a scroll of identify.
a - a potion of brilliance
Found 2 scrolls of enchant weapon.
d - 3 potions of haste (gained 1)
Found 2 scrolls of enchant armour.
f - a potion of might
Found a scroll of identify.
You now have 8 gold pieces.
You see here a +2 hand axe of draining.
You now have 20 gold pieces (gained 12).
g - 2 scrolls of blinking (gained 1)
h - a scroll of identify You see here 2 scrolls of enchant weapon.
You see here 2 scrolls of enchant armour.
h - 2 scrolls of identify (gained 1)
You see here 2 scrolls of enchant armour.
You see here 2 scrolls of enchant weapon.
You see here a +2 hand axe of draining.
There is an open door here.
You open the door.
A manticore, a boulder beetle, a deep elf pyromancer, a centaur, a troll and a cyclops come into view.
The centaur shouts!
The troll shouts!
The boulder beetle curls into a ball and begins rolling!
The deep elf pyromancer shouts!
The cyclops shouts!
There is an open door here.
Unknown command.
The boulder beetle hits you!!
Ouch! That really hurt!
You die...

▓▓▓▓▓
▓...▓
▓@▓.▓
▓B▓.▓
▓○▓.▓
▓C▓.▓
▓e▓.▓
▓H▓.▓
▓T▓.▓
▓c▓.▓
▓+▓.▓


You could see a boulder beetle (rolling), a manticore, a cyclops, a deep elf
pyromancer, a troll and a centaur.

Vanquished Creatures
  A scorpion (D)
  A dart slug (D)
  A goblin (D)
  A hobgoblin (D)
  A kobold (D)
  A rat (D)
6 creatures vanquished.

Notes
Turn   | Place    | Note
-------+----------+-------------------------------------------
     0 | D        | mhtbhm the Felid Transmuter began the quest for the Orb.
     0 | D        | Reached XP level 1. HP: 9/9 MP: 4/4
    17 | D        | Reached skill level 4 in Unarmed Combat
   240 | D        | Noticed a sky beast
   240 | D        | Noticed a scorpion
   248 | D        | Killed a scorpion
   249 | D        | Reached skill level 6 in Unarmed Combat
   249 | D        | Reached XP level 2. HP: 4/12 MP: 3/7
   249 | D        | Reached XP level 3. HP: 5/15 MP: 3/9
   249 | D        | Reached XP level 4. HP: 7/19 MP: 3/10
   252 | D        | Slain by a sky beast
   253 | D        | Reached XP level 3. HP: -3/22 MP: 3/9
   480 | D        | Noticed a boulder beetle
   480 | D        | Noticed a cyclops
   480 | D        | Noticed a deep elf pyromancer
   480 | D        | Noticed a manticore
   480 | D        | Noticed a troll
   480 | D        | Noticed a centaur
   482 | D        | Slain by a boulder beetle

Illustrated notes

Levels and vault maps discovered:
D:        linesprint [early_d, line_temple, items_1, d_10, items_2, lair_1,
          lair_end, items_3, orc_1, orc_end, items_4, d_15, swamp_1, shoals_1,
          snake_1, spider_1, d_20, vaults_1, items_5, swamp_end, shoals_end,
          snake_end, spider_end, vaults_end, d_27, items_6, zot_1, zot_end,
          crypt_end, forest_end, elf_end, slime_end, tomb_end, abyss_end,
          pan_hell_end]

Skill      XL: |  1 |
---------------+----+-----
Dodging        | 4 |  4.7
Unarmed Combat | 6 |  6.4
Spellcasting   | 3 |  3.6
Transmutations | 3 |  3.6
Fighting       | |  1.2

Action                   |  1- 3 |  4- 6 || total
-------------------------+-------+-------++-------
Melee: Unarmed           |    20 |     3 ||    23
       Headbutt          |     2 |       ||     2
       Bite              |     2 |       ||     2
 Cast: Beastly Appendage |     2 |       ||     2
  Use: Potion            |     1 |       ||     1
Armor: Skin              |     1 |       ||     1
Dodge: Dodged            |    10 |     2 ||    12

Table legend: (Time is in decaauts)
 A = Elapsed time spent in this place.
 B = Non-inter-level travel time spent in this place.
 C = Inter-level travel time spent in this place.
 D = Time resting spent in this place.
 E = Time spent auto-exploring this place.
 F = Levels seen in this place.
 G = Mean time per level.
                   A        B        C        D        E       F      G
               +--------+--------+--------+--------+--------+-----+--------+
         Total |    451 |    451 |      0 |    315 |      0 |   1 |  451.0 |
       Dungeon |    451 |    451 |      0 |    315 |      0 |   1 |  451.0 |
               +--------+--------+--------+--------+--------+-----+--------+

Top non-repeatable levels by time:
       D: 451 daAuts
